Map: Traitor's Exile

Players

JimboJimbob

  • Race: Terran Terran
  • Spawn Location: 9:00

GoodGhost

  • Race: Terran Terran
  • Spawn Location: 12:00

FaKer - Winner!

  • Race: Protoss Protoss
  • League: Platinum
  • Spawn Location: 5:00

ILIEKEGGPIE - Winner!

  • Race: Protoss Protoss
  • League: Platinum
  • Spawn Location: 6:00

VOD

Have the link to the VOD?

Description

Time

  • Played on: May 31, 2018, 2:11 p.m.
  • Length: 5:35
Show
View Real Time Build Order
Export as new Build Order

JimboJimbob Terran 

Build Orders:  

Get SALT Encoding   

  12  0:01  SCV  
  13  0:19  Supply Depot  
  13  0:20  SCV  
  14  0:32  Refinery, SCV  
  15  0:46  Barracks  
  15  0:47  SCV  
  16  1:04  Supply Depot, SCV  
  17  1:16  SCV  
  18  1:37  Barracks  
  18  1:40  Factory  
  18  1:50  Refinery, SCV  
  19  2:01  Barracks Reactor  
  19  2:02  SCV  
  20  2:14  SCV  
  21  2:29  Factory Tech Lab  
  21  2:37  Command Center  
  21  2:38  Marine  
  21  2:41  Marine  
  23  2:54  Engineering Bay  
  23  3:01  Siege Tank  
  23  3:04  Marine  
  27  3:07  Marine  
  28  3:15  Barracks Reactor  
  28  3:23  SCV  
  28  3:26  Missile Turret  
  29  3:32  Marine x2  
  31  4:03  Marine x2  
  31  4:04  Marine x2  
  31  4:09  Siege Tank  
  38  4:41  Siege Tank  
  35  5:04  Marine  
  35  5:05  Marine x3  
Show
View Real Time Build Order
Export as new Build Order

GoodGhost Terran 

Build Orders:  

Get SALT Encoding   

  12  0:04  SCV  
  13  0:16  SCV  
  14  0:24  Supply Depot  
  14  0:29  SCV  
  14  0:31  Refinery  
  15  0:46  SCV  
  16  1:01  Barracks  
  16  1:05  SCV  
  17  1:22  Barracks  
  17  1:51  Marine  
  18  2:02  SCV  
  19  2:08  Marine  
  20  2:24  Marine  
  20  2:26  Marine  
  22  2:32  Factory  
  22  2:40  Bunker  
  22  2:42  Marine  
  23  2:50  Orbital Command  
  23  3:02  Barracks Tech Lab  
  23  3:05  Marine  
  21  3:17  Factory Tech Lab  
  21  3:23  Marine  
  15  3:50  Marauder  
  15  3:52  Marine  
  4  4:10  Marine  
  4  4:11  Marauder  
  3  4:50  Orbital Command  
Show
View Real Time Build Order
Export as new Build Order

FaKer Protoss - Winner!

Build Orders:  

Get SALT Encoding   

  12  0:01  Probe  
  13  0:17  Pylon  
  13  0:18  Probe  
  14  0:30  Probe  
  15  0:39  Gateway, Probe  
  16  0:46  Assimilator  
  16  0:48  Probe  
  16  0:56  Probe  
  18  1:21  Probe  
  19  1:27  Cybernetics Core  
  19  1:29  Zealot  
  21  1:33  Probe  
  21  1:37  Pylon  
  21  1:38  Warp Gate  
  22  2:01  Gateway  
  22  2:03  Zealot  
  24  2:11  Gateway  
  24  2:32  Probe  
  24  2:33  Assimilator  
  25  2:38  Pylon  
  25  2:42  Shield Battery  
  25  2:55  Zealot  
  27  3:08  Twilight Council  
  27  3:44  Zealot x2  
  27  3:47  Charge  
  31  3:54  Zealot  
  29  4:09  Zealot x2  
  31  4:15  Zealot  
  33  4:32  Nexus  
  33  4:33  Zealot x2, Pylon  
  33  4:34  Zealot  
  37  4:54  Zealot  
  37  4:55  Zealot x2  
  37  5:15  Zealot  
  37  5:16  Zealot x2  
Show
View Real Time Build Order
Export as new Build Order

ILIEKEGGPIE Protoss - Winner!

Build Orders:  

Get SALT Encoding   

  12  0:01  Probe  
  13  0:13  Probe  
  14  0:18  Pylon  
  14  0:24  Probe  
  15  0:32  Probe  
  16  0:45  Gateway  
  16  0:46  Probe  
  17  0:52  Assimilator  
  17  0:58  Probe  
  18  1:10  Probe  
  19  1:22  Probe  
  20  1:27  Pylon  
  20  1:35  Cybernetics Core  
  20  1:37  Probe  
  21  1:48  Gateway  
  21  1:49  Probe  
  21  1:51  Assimilator  
  22  2:01  Probe  
  23  2:11  Warp Gate  
  23  2:13  Stalker, Probe  
  25  2:25  Probe  
  25  2:26  Stalker  
  25  2:27  Gateway  
  26  2:31  Pylon  
  26  2:33  Shield Battery  
  26  2:35  Stalker  
  30  3:01  Pylon  
  30  3:13  Stalker x2  
  34  3:22  Shield Battery  
  34  3:41  Robotics Facility  
  34  3:43  Stalker  
  36  4:29  Immortal  
  34  4:35  Stalker x2, Pylon  
  42  5:00  Pylon  
  42  5:01  Probe  
  43  5:14  Nexus  
  43  5:27  Pylon  
  47  5:29  Pylon  
Tags
 
Add a new tag
Caveats
  • Supply blocks, unpowered buildings, or Contaminate may cause inaccurate times.
  • Supply counts are checked every 10 seconds.